[Event "*** SCC Grand Prix: Titled Tuesday Blitz"]
[Site "Chess.com"]
[Date "2020.10.13"]
[Round "1"]
[White "BilodeauA"]
[Black "Caterpiller35"]
[Result "1-0"]
[WhiteElo "2914"]
[BlackElo "2469"]
[TimeControl "180+1"]
[EndTime "10:06:53 PDT"]
[Termination "BilodeauA won by checkmate"]

1. d4 Nf6 2. Nc3 d5 3. Bf4 c6 4. e3 Qa5 5. Bd3 Ne4 6. Ne2 Nd7 7. Bxe4 dxe4 8. O-O g5 9. Bg3 h5 10. f4 exf3 11. Rxf3 Nf6 12. Be5 Bg4 13. Ng3 O-O-O 14. h3 Bxf3 15. Qxf3 g4 16. Qf5+ Rd7 17. h4 Bh6 18. Re1 Qb4 19. Re2 Qxb2 20. d5 Qc1+ 21. Kh2 Bxe3 22. Nf1 g3+ 23. Bxg3 Ng4+ 24. Kh3 Rg8 25. dxc6 bxc6 26. Ne4 e6 27. Qf3 f5 28. Nc5 Bxc5 29. Qxc6+ Rc7 30. Qxc7# 1-0

[Event "*** SCC Grand Prix: Titled Tuesday Blitz"]
[Site "Chess.com"]
[Date "2020.10.13"]
[Round "1"]
[White "kidagent"]
[Black "QuintilianoR"]
[Result "0-1"]
[WhiteElo "2283"]
[BlackElo "2623"]
[TimeControl "180+1"]
[EndTime "10:06:55 PDT"]
[Termination "QuintilianoR won by resignation"]

1. e4 c5 2. Nf3 d6 3. d4 cxd4 4. Nxd4 Nf6 5. Nc3 a6 6. Bg5 e6 7. f4 h6 8. Bh4 Qb6 9. a3 Be7 10. Bf2 Qc7 11. Qf3 Nbd7 12. Bd3 b5 13. O-O-O Bb7 14. g4 g5 15. fxg5 hxg5 16. h3 Ne5 17. Qe3 Nfd7 18. Kb1 Rc8 19. Be2 Nc4 20. Bxc4 Qxc4 21.
Bg3 b4 22. axb4 Qxb4 23. Nb3 Nb6 24. Na2 Nc4 25. Qd4 e5 26. Bxe5 Qa4 27. Bxh8 Bxe4 28.
Rhe1 Qxb3 29. Rxe4 Na3+ 30. Ka1 Nxc2+ 31. Kb1 Na3+ 32.
Ka1 Nc2+ 33. Kb1 Nxd4 34. Rexd4 Qxh3 35. Bg7 Qh7+ 36. Ka1 Qxg7 37. Nc3 Bf6 38. Re1+ Kf8 39. Rd3 Bxc3 40. bxc3 Rxc3 41. Rxc3 Qxc3+ 42. Ka2 Qxe1 43. Ka3 Qe4 0-1

[Event "*** SCC Grand Prix: Titled Tuesday Blitz"]
[Site "Chess.com"]
[Date "2020.10.13"]
[Round "1"]
[White "chiwii"]
[Black "SilviusTiberius"]
[Result "0-1"]
[WhiteElo "2224"]
[BlackElo "2567"]
[TimeControl "180+1"]
[EndTime "10:06:55 PDT"]
[Termination "SilviusTiberius won on time"]

1. e4 c5 2. Nf3 Nc6 3. d4 cxd4 4. Nxd4 Nf6 5. Nc3 d6 6. Be2 e6 7. Be3 Be7 8. a4 O-O 9. O-O Bd7 10. Kh1 Nxd4 11. Bxd4 Bc6 12. e5 dxe5 13. Bxe5 Qa5 14. Bg3 Rfd8 15. Qc1 Bb4 16. Nb5 Bd2 17. Qb1 Rd7 18. c3 Ne4 19. Be5 a6 20. b4 Qd8 21.
Na3 Bxc3 22. Bxc3 Nxc3 23. Qe1 Qg5 24. Rg1 Rd2 25. Bf3 Bxf3 26. gxf3 Qd5 27. Qe3 Rd3 28.
Qg5 Qxf3+ 29. Rg2 g6 30. Qh6 Ne4 31. Rf1 Nxf2+ 32. Rxf2 Rd1+ 0-1

[Event "*** SCC Grand Prix: Titled Tuesday Blitz"]
[Site "Chess.com"]
[Date "2020.10.13"]
[Round "1"]
[White "Natalya_Buksa"]
[Black "Khnykin_Nikolay"]
[Result "1-0"]
[WhiteElo "2511"]
[BlackElo "2041"]
[TimeControl "180+1"]
[EndTime "10:06:55 PDT"]
[Termination "Natalya_Buksa won on time"]

1. d4 e6 2. e4 b6 3. Bd3 Bb7 4.
Nf3 d6 5. O-O Nf6 6. Nc3 Be7 7.
Qe2 Nbd7 8. e5 Bxf3 9. Qxf3 dxe5 10. dxe5 Nxe5 11. Bb5+ c6 12. Qe2 Bd6 13. Bf4 cxb5 14.
Bxe5 Bxe5 15. Qxe5 O-O 16. Rad1 Qe7 17. Nxb5 Rac8 18. Qe2 Rc5 19. c4 h6 20. b3 Rg5 21.
Qf3 Rg6 22. g3 h5 23. Nd6 h4 24. Rfe1 hxg3 25. hxg3 Qc7 26. Qf4 Rd8 27. Kf1 Ra8 28. Qf3 Rd8 29. Nb5 Qb8 30. Rxd8+ Qxd8 31. Rd1 Qc8 32.
Nxa7 Qb8 33. Nb5 Qc8 34. Qd3 Kh7 35. Ke2 e5 36. Qf3 Qc5 37. Rh1+ Rh6 38. Qf5+ 1-0

[Event "*** SCC Grand Prix: Titled Tuesday Blitz"]
[Site "Chess.com"]
[Date "2020.10.13"]
[Round "1"]
[White "JosefineHeinemann"]
[Black "ShcufNaiRolf"]
[Result "1-0"]
[WhiteElo "2634"]
[BlackElo "2302"]
[TimeControl "180+1"]
[EndTime "10:06:57 PDT"]
[Termination "JosefineHeinemann won by resignation"]

1. e4 e5 2. Nf3 Nc6 3. Bb5 a6 4. Ba4 Nf6 5. O-O Be7 6. Re1 b5 7. Bb3 d6 8. c3 O-O 9. h3 Nb8 10. d4 Nbd7 11. Nbd2 Bb7 12. Bc2 Re8 13. Nf1 Bf8 14.
Bg5 Qc8 15. N3d2 exd4 16. cxd4 c5 17. d5 h6 18. Bh4 c4 19. Ne3 g6 20. Rb1 Bg7 21. f4 Nc5 22. Qf3 Nfd7 23. Kh2 a5 24. Bg3 Ba6 25. f5 Ne5 26. Bxe5 Bxe5+ 27. Kh1 h5 28. g4 Kh8 29. gxh5 g5 30. Rg1 Rg8 31.
Ng4 f6 32. Nxe5 dxe5 33. Rg2 Nb7 34. Rbg1 Qc5 35. h4 gxh4 36. Rg6 Rxg6 37. fxg6 Kg7 38. h6+ Kxh6 39. Qxf6 Qf2 40. Qxf2 1-0

[Event "*** SCC Grand Prix: Titled Tuesday Blitz"]
[Site "Chess.com"]
[Date "2020.10.13"]
[Round "1"]
[White "Gabix_94"]
[Black "mr_gustavo"]
[Result "1/2-1/2"]
[WhiteElo "2785"]
[BlackElo "2416"]
[TimeControl "180+1"]
[EndTime "10:06:58 PDT"]
[Termination "Game drawn by repetition"]

1. Nf3 Nf6 2. d4 e6 3. c4 d5 4. Nc3 Bb4 5. g3 O-O 6. Bg2 dxc4 7. O-O Nc6 8. Qa4 Bd6 9. Qxc4 e5 10. dxe5 Nxe5 11. Nxe5 Bxe5 12. e4 Be6 13. Qe2 c6 14. h3 b5 15. Rd1 Qc8 16. Kh2 Bc4 17. Qe1 Re8 18. b3 b4 19. bxc4 Bxc3 20. Bd2 Bxa1 21. Rxa1 Nxe4 22. Bxe4 f5 23. Bxb4 Rxe4 24. Qf1 Qe6 25. Rc1 Re8 26. Bc5 f4 27. g4 f3 28.
Be3 Qe5+ 29. Kh1 h5 30. Qd3 hxg4 31. Rg1 Qh5 32. Rg3 Qh4 33. Kh2 Qh5 34. Qd7 R8e6 35. Rxg4 Qe5+ 36. Rg3 Rxe3 37. fxe3 f2 38. Kg2 Qe4+ 39.
Kxf2 Rf6+ 40. Kg1 Qb1+ 41. Kh2 Qb2+ 42. Rg2 Qe5+ 43. Kg1 Qa1+ 44. Kh2 Qe5+ 45. Kg1 Qxe3+ 46. Kh2 Qf4+ 47. Kg1 Qc1+ 48. Kh2 Qf4+ 49. Rg3 Qf2+ 50. Rg2 Qf4+ 1/2-1/2

[Event "*** SCC Grand Prix: Titled Tuesday Blitz"]
[Site "Chess.com"]
[Date "2020.10.13"]
[Round "1"]
[White "ftorodent"]
[Black "MF1966Idrisov"]
[Result "1-0"]
[WhiteElo "2695"]
[BlackElo "2352"]
[TimeControl "180+1"]
[EndTime "10:06:58 PDT"]
[Termination "ftorodent won on time"]

1. d4 d6 2. Nf3 f5 3. g3 e6 4. Bg2 Nf6 5. O-O Be7 6. Nbd2 O-O 7. Re1 d5 8. c4 c6 9. b3 Nbd7 10. Bb2 Ne4 11. Qc2 Bf6 12. Nf1 Qb6 13. e3 Re8 14. Rac1 Nf8 15. Ne5 Bd7 16. f3 Ng5 17. cxd5 exd5 18.
Nxd7 Nxd7 19. Qxf5 Nf8 20. Qd3 Rad8 21. h4 Nge6 22. Red1 c5 23. dxc5 Nxc5 24. Qd2 Bxb2 25. Qxb2 Nfe6 26. Kh2 a5 27. Rd2 a4 28. b4 Na6 29. a3 Nac7 30. Rcd1 Nb5 31. Rxd5 Rxd5 32. Rxd5 Qc6 33. f4 Qc3 34. Qxc3 Nxc3 35. Rd3 Nb5 36.
Bxb7 Kf8 37. Bc6 Rb8 38. Bxb5 Rxb5 39. Kg2 Ke7 40. Kf3 g6 41. Nd2 Rb7 42. Nc4 Rc7 43. Nb6 Ra7 44. Nc8+ 1-0

[Event "*** SCC Grand Prix: Titled Tuesday Blitz"]
[Site "Chess.com"]
[Date "2020.10.13"]
[Round "1"]
[White "esapunov"]
[Black "tandaleo"]
[Result "1-0"]
[WhiteElo "2655"]
[BlackElo "2324"]
[TimeControl "180+1"]
[EndTime "10:06:58 PDT"]
[Termination "esapunov won by resignation"]

1. c4 e6 2. Nf3 d5 3. d4 c6 4.
Qc2 Nf6 5. Nbd2 Nbd7 6. g3 b6 7.
Bg2 Bb7 8. O-O Be7 9. e4 dxe4 10. Nxe4 c5 11. Nxf6+ Bxf6 12. d5 O-O 13. dxe6 fxe6 14. Ng5 Bxg5 15. Bxb7 Rb8 16. Be4 h6 17. Qe2 Bxc1 18.
Raxc1 Qe7 19. Rfe1 Rfd8 20. Rcd1 Nf8 21. h4 Rd4 22. Rxd4 cxd4 23. Bd3 Qf6 24. b4 a5 25. a3 axb4 26. axb4 Ra8 27. c5 bxc5 28. bxc5 Rc8 29.
Rc1 e5 30. Qe4 Qe7 31. c6 Qd6 32. Bc4+ Kh8 33. Bd5 Rc7 34. Re1 Re7 35. Rb1 Rc7 36. Rb7 Rxb7 37. cxb7 Nd7 38. Bc4 Nc5 39. Qf3 Qb8 40. Qc6 Nxb7 41. Bd3 Na5 42. Qe4 Kg8 43. Qh7+ Kf8 44. Qh8+ 1-0

[Event "*** SCC Grand Prix: Titled Tuesday Blitz"]
[Site "Chess.com"]
[Date "2020.10.13"]
[Round "1"]
[White "MariaFominykh"]
[Black "mirceaparligras"]
[Result "0-1"]
[WhiteElo "2296"]
[BlackElo "2633"]
[TimeControl "180+1"]
[EndTime "10:06:58 PDT"]
[Termination "mirceaparligras won on time"]

1. d4 Nf6 2. c4 c5 3. d5 e6 4. Nc3 exd5 5. cxd5 d6 6. e4 g6 7. Nf3 a6 8. a4 Bg4 9. Be2 Bxf3 10. Bxf3 Nbd7 11. O-O Bg7 12. Be2 O-O 13. Re1 Re8 14. Bf1 Rb8 15. a5 h5 16. Bg5 Qc7 17. h3 b5 18. axb6 Rxb6 19. Qc1 Qb7 20. Ra2 Rb8 21.
Re2 Ne5 22. Rc2 c4 23. Na4 Rb4 24. Bxf6 Bxf6 25. Bxc4 Nxc4 26. Rxc4 Rxc4 27. Qxc4 Rc8 28. Qe2 Rc1+ 29. Kh2 Be5+ 30. g3 h4 31. Nc3 hxg3+ 32. fxg3 Bxc3 33. Qe3 Rc2+ 34. Kh1 Be5 0-1

[Event "*** SCC Grand Prix: Titled Tuesday Blitz"]
[Site "Chess.com"]
[Date "2020.10.13"]
[Round "1"]
[White "esrosenberg"]
[Black "Herracek"]
[Result "1/2-1/2"]
[WhiteElo "2299"]
[BlackElo "2621"]
[TimeControl "180+1"]
[EndTime "10:06:58 PDT"]
[Termination "Game drawn by repetition"]

1. Nf3 c5 2. c4 Nc6 3. Nc3 g6 4. g3 Bg7 5. Bg2 d6 6. O-O Bg4 7. a3 Qd7 8. b4 Nxb4 9. axb4 cxb4 10. Rb1 bxc3 11. dxc3 Rc8 12. Nd4 b6 13. Qd3 Nf6 14. f3 Bh3 15. e4 Bxg2 16. Kxg2 O-O 17. Rd1 Rc5 18. Ba3 Rh5 19. h4 Rc8 20. Ne2 Ra5 21.
Bb4 Ra2 22. Ra1 Qa4 23. Rxa2 Qxa2 24. e5 dxe5 25. Rd2 Qxc4 26. Qxc4 Rxc4 27. Rd8+ Bf8 28. Bxe7 Nd7 29. Rxd7 Bxe7 30. Rxe7 a5 31. Rxe5 Kf8 32. Rb5 Rc6 33. Nd4 Rd6 34. Kf2 Ke7 35. Ke3 Kd7 36.
Ke4 f6 37. c4 Kc7 38. c5 bxc5 39. Rxc5+ Kd7 40. Rxa5 Rb6 41. Ra7+ Kd6 42. Rxh7 f5+ 43. Kd3 Ke5 44. f4+ Kd5 45. Rd7+ Kc5 46. Rc7+ Kd5 47. Rc3 Ra6 48. Nf3 Ke6 49. Ne5 Kd5 50. Rb3 Rd6 51. Ke3 Ra6 52. Rd3+ Kc5 53. Kf3 Re6 54. Re3 Kd5 55. Nd3 Ra6 56. Ne5 Re6 57. Rd3+ Kc5 58. Re3 Kd5 1/2-1/2

[Event "*** SCC Grand Prix: Titled Tuesday Blitz"]
[Site "Chess.com"]
[Date "2020.10.13"]
[Round "1"]
[White "AntonovaNadezhda"]
[Black "Heineccius"]
[Result "0-1"]
[WhiteElo "2080"]
[BlackElo "2521"]
[TimeControl "180+1"]
[EndTime "10:06:58 PDT"]
[Termination "Heineccius won on time"]

1. d4 Nf6 2. Nf3 e6 3. Nbd2 c5 4. e3 b6 5. b3 Bb7 6. Bb2 Be7 7. Bd3 O-O 8. O-O Nc6 9. a3 Rc8 10. Qe2 d6 11. Rac1 Qc7 12. Rfd1 cxd4 13. exd4 Nd5 14. g3 Nf6 15. c4 Qb8 16. Ne4 Rfe8 17. b4 Nxe4 18.
Bxe4 g6 19. c5 Bf6 20. b5 Na5 21. c6 Ba8 22. d5 e5 23. g4 Nb3 24. Rc2 Nc5 25. g5 Bd8 26. h4 Qc7 27. Nd2 Qe7 28.
Nc4 f5 29. gxf6 Qxf6 30. h5 Be7 31. hxg6 hxg6 32. Rc3 Kg7 33. Rg3 g5 34. Bb1 Rh8 35. Qc2 Rh6 0-1

[Event "*** SCC Grand Prix: Titled Tuesday Blitz"]
[Site "Chess.com"]
[Date "2020.10.13"]
[Round "1"]
[White "Mikhail_Golubev"]
[Black "salomez"]
[Result "1-0"]
[WhiteElo "2542"]
[BlackElo "2167"]
[TimeControl "180+1"]
[EndTime "10:06:59 PDT"]
[Termination "Mikhail_Golubev won by checkmate"]

1. e4 c5 2. Nf3 e6 3. d4 cxd4 4. Nxd4 Nf6 5. Nc3 Nc6 6. a3 Be7 7. Nxc6 bxc6 8. e5 Nd5 9. Ne4 Ba6 10. c4 f5 11. cxd5 Bxf1 12. Kxf1 fxe4 13. d6 Bf8 14. Qg4 Qa5 15. Qxe4 g6 16. g3 Bg7 17. Bf4 O-O 18. h4 Qb5+ 19. Kg2 Qxb2 20. Rab1 Qxa3 21. h5 g5 22. Bxg5 Rf5 23. Bf4 Raf8 24. Rh4 Qa2 25. h6 Bxe5 26. Rg4+ Kf7 27. Bxe5 Rxf2+ 28. Kg1 Ke8 29.
Rb8+ Kf7 30. Qxh7# 1-0

[Event "*** SCC Grand Prix: Titled Tuesday Blitz"]
[Site "Chess.com"]
[Date "2020.10.13"]
[Round "1"]
[White "zmeeed67"]
[Black "KaterynaLagno"]
[Result "0-1"]
[WhiteElo "2369"]
[BlackElo "2716"]
[TimeControl "180+1"]
[EndTime "10:07:00 PDT"]
[Termination "KaterynaLagno won on time"]

1. e4 e5 2. Nf3 Nc6 3. c3 Nf6 4. d4 exd4 5. e5 Nd5 6. Bc4 Nb6 7. Bb3 d5 8. cxd4 Bg4 9. Be3 Qd7 10. h3 Bh5 11. Nc3 O-O-O 12. a4 Nc4 13. Qe2 Nxe3 14. fxe3 Nb4 15. O-O f6 16. Qb5 c6 17. Qe2 fxe5 18. dxe5 Bc5 19. Kh1 Rde8 20. Qf2 Rhf8 21. Qg3 Bxe3 22.
Rae1 Bf4 23. Qh4 Bg6 24. g3 Bh6 25. Qxb4 Qxh3+ 26. Nh2 Rxf1+ 27. Rxf1 Qxg3 28. Qg4+ Qxg4 29. Nxg4 Bd2 30. Rf2 Bc1 31. Kh2 h5 32. Rf1 Bxb2 33. Ne3 Bxc3 34. Nxd5 Bxe5+ 0-1

[Event "*** SCC Grand Prix: Titled Tuesday Blitz"]
[Site "Chess.com"]
[Date "2020.10.13"]
[Round "1"]
[White "janumber1"]
[Black "bait_or_mate"]
[Result "1-0"]
[WhiteElo "2183"]
[BlackElo "2515"]
[TimeControl "180+1"]
[EndTime "10:07:00 PDT"]
[Termination "janumber1 won on time"]

1. e4 c5 2. d4 cxd4 3. c3 dxc3 4. Nxc3 Nc6 5. Nf3 e6 6. Bc4 Qc7 7. O-O Nf6 8. Nb5 Qb8 9. e5 Nxe5 10. Nxe5 Qxe5 11.
Re1 Qb8 12. Qd4 a6 13. Bf4 d6 14. Bxd6 Bxd6 15. Nxd6+ Kf8 16. Qb6 g6 17. Rac1 Kg7 18. Bb3 Bd7 19. Rc7 Qd8 20. Nxb7 Qe8 21. Nd6 Qd8 22.
Qc5 Rf8 23. Qc3 Rb8 24. Rd1 Rb6 25. Ne4 Re8 26. Rdxd7 Qb8 27. Rxf7+ 1-0

[Event "*** SCC Grand Prix: Titled Tuesday Blitz"]
[Site "Chess.com"]
[Date "2020.10.13"]
[Round "1"]
[White "LittlePeasant"]
[Black "cholzan"]
[Result "0-1"]
[WhiteElo "2812"]
[BlackElo "2449"]
[TimeControl "180+1"]
[EndTime "10:07:02 PDT"]
[Termination "cholzan won by checkmate"]

1. Nf3 d6 2. c4 e5 3. d4 Nd7 4. Nc3 Ngf6 5. g3 Be7 6. Bg2 O-O 7. O-O c6 8. e4 a6 9. Qc2 b5 10. c5 Qc7 11. Rd1 dxc5 12. dxe5 Nxe5 13. Nxe5 Qxe5 14. Bf4 Qe6 15. e5 Nh5 16. Be3 c4 17. f4 g6 18. Nd5 cxd5 19. Bxd5 Qh3 20. Bxa8 Bf5 21. Qg2 Ng7 22. Qxh3 Bxh3 23. Bg2 Bg4 24. Rdc1 Ne6 25. b3 Ba3 26. Rc2 Bf5 27. Rac1 Bxc1 28. Rxc1 Bd3 29. Kf2 Rd8 30. Bb7 a5 31. Ba6 cxb3 32.
axb3 b4 33. Bb7 Nd4 34. Rd1 Nxb3 35. Ba6 Bxa6 36. Rxd8+ Kg7 37. Ra8 Bc4 38. Bb6 Nc1 39.
Bxa5 b3 40. Ke3 b2 41. Rb8 Nb3 42. Bc3 b1=Q 43. e6+ f6 44. e7 Qd3+ 45. Kf2 Qe2+ 46.
Kg1 Qf1# 0-1

[Event "*** SCC Grand Prix: Titled Tuesday Blitz"]
[Site "Chess.com"]
[Date "2020.10.13"]
[Round "1"]
[White "stefy02"]
[Black "Sadykov_Ramil"]
[Result "0-1"]
[WhiteElo "2204"]
[BlackElo "2556"]
[TimeControl "180+1"]
[EndTime "10:07:02 PDT"]
[Termination "Sadykov_Ramil won by resignation"]

1. e4 c5 2. Nf3 d6 3. d4 cxd4 4.
Qxd4 Nc6 5. Bb5 Bd7 6. Qd3 Nf6 7. c4 Ne5 8. Nxe5 dxe5 9. Bxd7+ Qxd7 10. Qxd7+ Nxd7 11. Be3 e6 12. O-O Bc5 13. Bxc5 Nxc5 14. Nc3 Ke7 15.
Rfd1 Rhd8 16. Kf1 a6 17. Ke2 Rd4 18. f4 Rxc4 19. Ke3 exf4+ 20. Kxf4 f5 21. Re1 Nd3+ 22. Ke3 Nxe1 23. Rxe1 fxe4 24. Nxe4 Rd8 25. Nc3 b5 26.
a3 b4 27. axb4 Rxb4 28. Re2 Rb3 29. Kf2 Rf8+ 30. Ke1 Rfb8 31. Nd1 R8b5 32. Kf2 Kf6 33. g3 a5 34. Nc3 R5b4 35. Ne4+ Kg6 36. Nd2 Rxb2 37. Rxe6+ Kf5 38. Re2 Rd4 39. Ke3 Rbxd2 40. Rxd2 Rxd2 41. Kxd2 Kg4 42. Kc3 Kh3 0-1

[Event "*** SCC Grand Prix: Titled Tuesday Blitz"]
[Site "Chess.com"]
[Date "2020.10.13"]
[Round "1"]
[White "emiliocordova"]
[Black "Siemba"]
[Result "1-0"]
[WhiteElo "2827"]
[BlackElo "2425"]
[TimeControl "180+1"]
[EndTime "10:07:03 PDT"]
[Termination "emiliocordova won on time"]

1. d4 d5 2. Nf3 c5 3. e3 cxd4 4. exd4 Nc6 5. c3 Bg4 6. Bd3 e6 7. Nbd2 Bd6 8. Nf1 Nf6 9. Ng3 O-O 10. h3 Bxf3 11. Qxf3 e5 12. Qf5 e4 13. Be2 Ne7 14. Qg5 Ng6 15. Nf5 h6 16. Qd2 Bf4 17. Ne3 Bc7 18. g3 a6 19. h4 b5 20. a4 Rb8 21. axb5 axb5 22. h5 Ne7 23. Ra6 Bd6 24. Rg1 Rb6 25. Ra5 b4 26. c4 dxc4 27. Nxc4 Rc6 28.
Rb5 Ned5 29. g4 Qc7 30. b3 Nc3 31. g5 Ne8 32. Rf5 Nxe2 33. Qxe2 1-0

[Event "*** SCC Grand Prix: Titled Tuesday Blitz"]
[Site "Chess.com"]
[Date "2020.10.13"]
[Round "1"]
[White "chigorin28"]
[Black "Gajuchess"]
[Result "1-0"]
[WhiteElo "2420"]
[BlackElo "2754"]
[TimeControl "180+1"]
[EndTime "10:07:03 PDT"]
[Termination "chigorin28 won by resignation"]

1. e4 c5 2. Nf3 e6 3. c3 d5 4. exd5 Qxd5 5. d4 Nf6 6. Be2 cxd4 7. cxd4 Be7 8. Nc3 Qd6 9. O-O O-O 10. Nb5 Qd8 11.
Bf4 Nd5 12. Bg3 Nc6 13. Rc1 a6 14. Nc3 Nxc3 15. bxc3 b5 16. a4 b4 17. c4 Bf6 18. d5 exd5 19. cxd5 Na5 20. Bc7 Qd7 21.
Bxa5 Bc3 22. Bb6 Rb8 23. a5 Bb7 24. d6 Rbe8 25. Bd3 Kh8 26. Bc2 Qg4 27. d7 Rd8 28.
Qd3 g6 29. Bxd8 Rxd8 30. Rfd1 Kg7 31. h3 Qh5 32. Bb3 Bf6 33. Qc4 Rf8 34. d8=Q Bxd8 35. Rxd8 Rxd8 36. Qxf7+ Kh6 37. Qxb7 Qxa5 38. Qe4 Rd7 39.
Qh4+ Kg7 40. Ng5 h6 41. Ne6+ Kh7 42. Nf8+ Kg7 43. Nxd7 Qa3 44. Qf6+ 1-0

[Event "*** SCC Grand Prix: Titled Tuesday Blitz"]
[Site "Chess.com"]
[Date "2020.10.13"]
[Round "1"]
[White "anon569"]
[Black "AliKa2810"]
[Result "0-1"]
[WhiteElo "2254"]
[BlackElo "2591"]
[TimeControl "180+1"]
[EndTime "10:07:03 PDT"]
[Termination "AliKa2810 won by checkmate"]

1. e4 e6 2. Nf3 d5 3. Nc3 Nf6 4. e5 Nfd7 5. d4 c5 6. dxc5 Nc6 7. Bf4 Nxc5 8. Be2 Be7 9. O-O g5 10. Bg3 h5 11. h3 Nd7 12. Bb5 a6 13. Bxc6 bxc6 14.
Nd4 Bb7 15. Nb3 c5 16. Qe2 Qb6 17. Rab1 O-O-O 18. Nd2 Rdg8 19. b4 cxb4 20. a3 Qc6 21.
Na2 g4 22. h4 d4 23. f4 gxf3 24. Rxf3 Rg4 25. Nxb4 Bxb4 26. Rxb4 Rhg8 27. Rfb3 Rxg3 28.
Rxb7 Rxg2+ 29. Kf1 Rg1+ 30. Kf2 Qg2# 0-1

[Event "*** SCC Grand Prix: Titled Tuesday Blitz"]
[Site "Chess.com"]
[Date "2020.10.13"]
[Round "1"]
[White "Bigfish1995"]
[Black "bazar-wokzal"]
[Result "1-0"]
[WhiteElo "3104"]
[BlackElo "2494"]
[TimeControl "180+1"]
[EndTime "10:07:04 PDT"]
[Termination "Bigfish1995 won by checkmate"]

1. d4 Nf6 2. Bf4 e6 3. Nd2 c5 4. e3 b6 5. Nc4 cxd4 6. exd4 d5 7.
Ne5 Bd6 8. Bb5+ Kf8 9. Ngf3 a6 10.
Bd3 Bb7 11. Ng5 Bxe5 12. dxe5 Nfd7 13. Qh5 Qe7 14. Nxh7+ Kg8 15. Bg5 Qb4+ 16. Bd2 Qxb2 17. O-O Qxe5 18. Qxe5 Nxe5 19. Ng5 Nxd3 20. cxd3 Nc6 21.
Rab1 b5 22. Nf3 f6 23. a4 Ne5 24.
Nxe5 fxe5 25. axb5 axb5 26. Rfe1 Bc6 27. Rxe5 Kf7 28.
g3 Ra6 29. Bc3 Rha8 30. Rg5 g6 31. Rg4 Ra4 32. d4 Ra3 33. Rf4+ Kg7 34. Bb4 Rd3 35. Bd6 Ra2 36. Rc1 Be8 37. Rc7+ Kh6 38. Rh4+ Kg5 39. Be7+ Kf5 40. Rf4# 1-0

[Event "*** SCC Grand Prix: Titled Tuesday Blitz"]
[Site "Chess.com"]
[Date "2020.10.13"]
[Round "1"]
[White "Meri-Arabidze"]
[Black "Loy_Konstantin"]
[Result "1-0"]
[WhiteElo "2705"]
[BlackElo "2356"]
[TimeControl "180+1"]
[EndTime "10:07:04 PDT"]
[Termination "Meri-Arabidze won on time"]

1. d4 Nf6 2. c4 c5 3. d5 b5 4. cxb5 a6 5. bxa6 Bxa6 6. Nc3 g6 7. Nf3 Bg7 8. e4 Bxf1 9. Kxf1 d6 10. g3 O-O 11. Kg2 Nbd7 12. Re1 Ra6 13. a4 Qb6 14. Ra3 Ng4 15. Rb3 Qa5 16. Rb5 Qc7 17. Bg5 Re8 18.
Qe2 h6 19. Bc1 Rb8 20. Rxb8+ Nxb8 21. h3 Ne5 22. Nxe5 dxe5 23. Be3 Rb6 24. Nb5 Qc8 25. Rc1 Nd7 26. b4 Ra6 27. bxc5 Rxa4 28. c6 Nf6 29. d6 exd6 30. Nxd6 Qc7 31. Nb5 Qc8 32. c7 Nxe4 33.
Na7 Rxa7 34. Bxa7 Nd6 35. Bb8 e4 36. Rd1 Be5 37. Qg4 Qb7 38. Rxd6 e3+ 39. Kh2 f5 40.
Qxg6+ 1-0

[Event "*** SCC Grand Prix: Titled Tuesday Blitz"]
[Site "Chess.com"]
[Date "2020.10.13"]
[Round "1"]
[White "ClydeHillKid"]
[Black "NikolaGry"]
[Result "1-0"]
[WhiteElo "2317"]
[BlackElo "2618"]
[TimeControl "180+1"]
[EndTime "10:07:04 PDT"]
[Termination "ClydeHillKid won by resignation"]

1. e4 d6 2. d4 Nf6 3. Nc3 g6 4.
Bg5 Bg7 5. Qd2 h6 6. Be3 Ng4 7. Bf4 Nc6 8. Nf3 Nxd4 9. Nxd4 e5 10.
Be3 Nxe3 11. fxe3 exd4 12. exd4 Be6 13. O-O-O Qg5 14. Qxg5 hxg5 15. Be2 Ke7 16. h3 Rh4 17.
Bf3 c6 18. Rhe1 Rah8 19. Rd3 g4 20. hxg4 Bxg4 21. g3 Bxf3 22. gxh4 Bg4 23. Rh1 Rh5 24. Rg3 Be6 25. Ne2 g5 26. Nf4 Rh7 27. Nxe6 Kxe6 28.
Rg4 Bxd4 29. Kd2 Be5 30. c3 f5 31. exf5+ Kxf5 32. Rxg5+ Ke6 33. Rg8 Kd5 34. h5 b5 35.
Rg6 a5 36. Kd3 c5 37. h6 c4+ 38. Ke3 b4 39. Rh5 Kc6 40. Rxe5 bxc3 41. bxc3 1-0

[Event "*** SCC Grand Prix: Titled Tuesday Blitz"]
[Site "Chess.com"]
[Date "2020.10.13"]
[Round "1"]
[White "jacky72"]
[Black "Chamal_Gedgafov"]
[Result "1-0"]
[WhiteElo "2545"]
[BlackElo "2169"]
[TimeControl "180+1"]
[EndTime "10:07:04 PDT"]
[Termination "jacky72 won on time"]

1. d4 Nf6 2. c4 e6 3. Nf3 b6 4. g3 Ba6 5. Qc2 Bb4+ 6. Bd2 Be7 7. e4 d6 8. Bg2 c5 9. O-O Bb7 10. d5 e5 11. Nc3 a6 12. Nh4 O-O 13. Nf5 g6 14.
Nh6+ Kg7 15. Bh3 Bc8 16. Bxc8 Qxc8 17. Kg2 Ng4 18. Nxg4 Qxg4 19. h3 Qc8 20. f4 exf4 21. gxf4 f6 22. Rae1 Nd7 23. Qd3 Rb8 24. a4 Qc7 25.
Kh1 Rbe8 26. Qg3 Kh8 27. Nd1 b5 28. axb5 axb5 29. cxb5 Rb8 30. Nc3 Nb6 31. Bc1 Ra8 32.
e5 fxe5 33. fxe5 Rxf1+ 34. Rxf1 Rf8 35. Rxf8+ Bxf8 36. Bf4 Nc8 37. Ne4 Qe7 38. Bg5 Qf7 39. Bf6+ Bg7 40. e6 Qf8 41. Qf4 Kg8 42. Kg2 Bh6 43. Qf3 Qe8 44. Bg5 Bg7 45. Nf6+ Bxf6 46. Qxf6 Nb6 47. e7 Nd7 48. Qxd6 1-0

[Event "*** SCC Grand Prix: Titled Tuesday Blitz"]
[Site "Chess.com"]
[Date "2020.10.13"]
[Round "1"]
[White "valeriocarnicelli"]
[Black "IngOscarArdila"]
[Result "1-0"]
[WhiteElo "2528"]
[BlackElo "2127"]
[TimeControl "180+1"]
[EndTime "10:07:04 PDT"]
[Termination "valeriocarnicelli won by resignation"]

1. e4 e5 2. Nf3 Nf6 3. d4 Nxe4 4.
dxe5 d5 5. Nbd2 Nxd2 6. Qxd2 Be6 7. b3 Be7 8. Bb2 c5 9. Rd1 Nc6 10. Be2 h6 11. O-O a6 12. Qc1 Qc7 13. c4 d4 14. Rfe1 O-O-O 15. Bf1 g5 16. g3 g4 17. Nd2 Nxe5 18. Ne4 Nf3+ 19. Kh1 Nxe1 20. Rxe1 h5 21. Bd3 h4 22. Kg1 hxg3 23. fxg3 Rh5 24. Qc2 Rdh8 25. Bc1 Rxh2 26. Qxh2 Rxh2 27. Kxh2 Qd8 28.
Bf4 Qh8+ 29. Kg1 Qh3 30. Nf2 Qh5 31. Re5 Qh8 32. Nxg4 Qd8 33. Nh6 Bd6 34. Rxe6 fxe6 35. Nf7 Qa5 36. Nxd6+ Kd7 37. Ne4 Qxa2 38. Nxc5+ Kc6 39.
b4 Qa1+ 40. Kg2 Qc3 41. Be4+ Kb6 42. Na4+ Ka7 43. Nxc3 dxc3 44. Be3+ 1-0

[Event "*** SCC Grand Prix: Titled Tuesday Blitz"]
[Site "Chess.com"]
[Date "2020.10.13"]
[Round "1"]
[White "natelleka"]
[Black "UCantHandleDenker"]
[Result "0-1"]
[WhiteElo "2187"]
[BlackElo "2553"]
[TimeControl "180+1"]
[EndTime "10:07:05 PDT"]
[Termination "UCantHandleDenker won by checkmate"]

1. e4 d6 2. d4 Nf6 3. Nc3 e5 4. d5 Be7 5. Bd3 O-O 6. Nce2 Nbd7 7. c4 Nc5 8. Bc2 Ncxe4 9. Nf3 a5 10. O-O Nc5 11.
h3 Re8 12. Ng3 g6 13. Bg5 Nxd5 14. Qxd5 Bxg5 15. Nxg5 Qxg5 16. Kh2 Be6 17. Qd1 Bxc4 18. Re1 Be6 19. Rc1 Qf4 20. Re2 h5 21. Kg1 a4 22.
Rd2 Bxa2 23. Ne2 Qg5 24. Nc3 Bc4 25. Nd5 Bxd5 26. Rxd5 a3 27. b4 Ne6 28. Rd2 a2 29. Ra1 Nf4 30. Be4 Nxh3+ 31. Kf1 Nf4 32. Bxb7 Ra3 33.
Bc6 Rb8 34. Qc1 Rb3 35. Raxa2 R3xb4 36. Ra1 e4 37. Rda2 Qxg2+ 38. Ke1 Qg1+ 39. Kd2 Qxf2+ 40. Kc3 Rb3+ 41. Kc4 R8b4# 0-1

[Event "*** SCC Grand Prix: Titled Tuesday Blitz"]
[Site "Chess.com"]
[Date "2020.10.13"]
[Round "1"]
[White "RamyresCoelho"]
[Black "Rap_woyska"]
[Result "0-1"]
[WhiteElo "2058"]
[BlackElo "2516"]
[TimeControl "180+1"]
[EndTime "10:07:05 PDT"]
[Termination "Rap_woyska won by resignation"]

1. e4 c5 2. Nf3 e6 3. Nc3 Nc6 4. a4 Nf6 5. g3 d5 6. exd5 exd5 7. Bg2 d4 8. Ne2 Bd6 9. d3 O-O 10. O-O h6 11. b3 Re8 12. Re1 Bg4 13. h3 Bf5 14. Bf4 Nb4 15. Bxd6 Qxd6 16. Nh4 Bh7 17. Bxb7 Rab8 18. Bg2 Nfd5 19. Qd2 Re7 20. Nf4 Rxe1+ 21. Rxe1 Nxf4 22. gxf4 Qf6 23. Qe2 Kh8 24. Qg4 Nxc2 25. Rc1 Bxd3 26. Qg3 Rxb3 27. Bf1 Bc4 28. Bxc4 Rxg3+ 29.
fxg3 Ne3 30. Be2 d3 31. Bxd3 Qd4 32. Be2 Qd2 33. Rxc5 Qe1+ 34. Kh2 Qxe2+ 35. Kh1 Qf1+ 36. Kh2 Qf2+ 37. Kh1 Qxg3 38. Rh5 Qxh3+ 39. Kg1 Qg4+ 40. Kf2 Qxh5 0-1